AoeStats
← Dravenbuff

Arena

505130596Analyzed
3v3 RM · 25d ago on Sep 8, 2026· 33m 36s· 6 players
Game mode
Random Map
Map size
Normal (6 player)
Population
200
Speed
Normal
Resources
Standard
Victory
Conquest
Starting age
Dark Age
Ending age
Imperial Age
RankedLock teamsTeams togetherTeam positionsShared explorationLock speedFull tech treeHidden civsTurbo modeCheats
Victory
Defeat
🇺🇾 Burgundians · Uruguay
1012
+14
🇺🇾 Britons · Uruguay
1011
+14
🇺🇾 Turks · Uruguay
912
+18
🇨🇴 Bulgarians · Colombia
1049
-19
🇦🇷 Franks · Argentina
995
-17
🇹🇷 Turks · Türkiye
839
-23
santiamaya17
9:29 Feudal Age
10:22 Double-Bit Axe
12:43 Gold Mining
17:23 Castle Age
17:13 Forging
19:11 Gold Shaft Mining
18:26 Stone Mining
18:50 Bow Saw
21:21 Pikeman
24:03 Town Watch
25:22 Wheelbarrow
25:46 Husbandry
26:10 Scale Barding Armor
26:56 Chain Barding Armor
27:09 Hand Cart
31:35 Imperial Age
31:00 Iron Casting
33:22 Plate Barding Armor
33:49 Blast Furnace
Rogfin
5:53 Loom
9:07 Feudal Age
9:41 Double-Bit Axe
10:32 Wheelbarrow
13:10 Horse Collar
18:42 Castle Age
17:52 Forging
18:21 Scale Barding Armor
18:08 Gold Mining
19:18 Bloodlines
19:39 Bow Saw
21:43 Husbandry
27:17 Iron Casting
28:28 Chain Barding Armor
32:06 Imperial Age
29:50 Scale Mail Armor
30:45 Squires
31:33 Chain Mail Armor
31:06 Arson
artemissi
10:44 Feudal Age
14:45 Castle Age
12:58 Loom
14:40 Double-Bit Axe
14:37 Horse Collar
20:55 Bow Saw
25:57 Imperial Age
24:19 Gold Mining
26:37 Scale Barding Armor
26:43 Forging
26:35 Padded Archer Armor
28:30 Chain Barding Armor
28:23 Bloodlines
29:13 Wheelbarrow
31:42 Conscription
brandon_3110
11:27 Feudal Age
15:23 Castle Age
13:34 Double-Bit Axe
14:19 Horse Collar
16:16 Loom
18:43 Heavy Plow
18:55 Bow Saw
23:55 Wheelbarrow
23:32 Fletching
24:28 Ballistics
24:53 Bodkin Arrow
25:04 Pikeman
29:27 Imperial Age
27:49 Pikeman
29:54 Yeomen
30:39 Elite Longbowman
32:06 Bracer
32:07 Padded Archer Armor
Ramza
4:01 Double-Bit Axe
11:10 Feudal Age
11:38 Horse Collar
12:31 Heavy Plow
12:47 Bow Saw
14:47 Loom
18:05 Castle Age
20:16 Two-Man Saw
19:11 Gold Mining
20:09 Wheelbarrow
20:26 Wheelbarrow
24:44 Scale Barding Armor
28:11 Imperial Age
26:12 Hand Cart
26:22 Husbandry
26:45 Chain Barding Armor
27:03 Forging
26:22 Cavalier
28:23 Paladin
30:21 Chemistry
30:47 Plate Barding Armor
Dravenbuff
11:42 Feudal Age
16:16 Castle Age
14:39 Double-Bit Axe
22:57 Imperial Age
24:23 Wheelbarrow
31:04 Man-at-Arms
Connection lost

Rejoining the realm…

Still unreachable

The connection could not be restored.

Session expired

The server has moved on; the page needs a fresh start.